 Dungeon Crawl Stone Soup version 0.28.0-49-g6dfe1f597d (webtiles) character file.

Game seed: 661278983753342367

66 Exodus22XD the Covered (level 3, 33/33 HPs)
             Began as a Minotaur Fighter on May 14, 2022.
             Was a Follower of Vehumet.
             Quit the game on level 2 of the Dungeon.
             The game lasted 00:00:59 (1109 turns).

Exodus22XD the Covered (Minotaur Fighter)           Turns: 1109, Time: 00:01:00

Health: 33/33      AC:  7    Str: 22    XL:     3   Next: 96%
Magic:  2/2        EV: 13    Int:  5    God:    Vehumet [*.....]
Gold:   84         SH:  4    Dex:  9    Spells: 2/2 levels left

rFire   . . .      SeeInvis .   a - +0 war axe
rCold   . . .      Faith    .   c - +0 buckler
rNeg    . . .      Spirit   .   b - +0 scale mail
rPois   .          Reflect  .   (helmet restricted)
rElec   .          Harm     .   (no cloak)
rCorr   .          Rampage  .   (no gloves)
Will    .....                   (no boots)
Stlth   ..........              (no amulet)
HPRegen 0.11/turn               i - +4 ring of evasion
MPRegen 0.08/turn               (no ring)

@: no status effects
A: horns 2, retaliatory headbutt
a: Renounce Religion


You were on level 2 of the Dungeon.
You worshipped Vehumet.
Vehumet was aware of your devotion.
You visited 1 branch of the dungeon, and saw 2 of its levels.

You collected 84 gold pieces.

Inventory:

Hand Weapons
 a - a +0 war axe (weapon)
Armour
 b - a +0 scale mail (worn)
 c - a +0 buckler (worn)
Jewellery
 i - a +4 ring of evasion (left hand)
Scrolls
 e - 3 scrolls of identify {unknown}
 f - a scroll of teleportation {unknown}
 h - a scroll of enchant armour {unknown}
 j - a scroll of enchant weapon {unknown}
 k - a scroll of immolation {unknown}
 n - a scroll of noise {unknown}
Potions
 d - a potion of might
 g - a potion of attraction {unknown}
 l - 2 potions of brilliance {unknown}
 m - a potion of mutation {unknown}


   Skills:
 + Level 4.1 Fighting
 + Level 3.5 Axes
 + Level 4.5 Armour
 + Level 4.1 Shields


You had 2 spell levels left.
You didn't know any spells.
Your spell library was empty.

Dungeon Overview and Level Annotations

Branches:
Dungeon (2/15)

Altars:
Trog
Vehumet

Shops:
D:1 [


Innate Abilities, Weirdness & Mutations

You have a pair of horns on your head.
You reflexively headbutt those who attack you in melee.


Message History

Terence is nearby!
Terence hits you but does no damage.
Terence is nearby!
You hit Terence. You headbutt Terence!
Terence is almost dead.
Terence hits you but does no damage. You block Terence's attack.
You closely miss Terence.
Terence is almost dead.
Terence misses you.
You hit Terence.
You kill Terence!
Things that are here:
a +0 short sword; a +2 chain mail of fire resistance; the human corpse of Terence No target in view!
Found a bloodstained altar of Trog.
No target in view!
You now have 84 gold pieces (gained 10).
Found a faded altar of an unknown god.
No target in view!
A bat comes into view.
The bat barely misses you.
A bat is nearby!
You barely miss the bat. Your headbutt misses the bat. The bat misses you.
The bat hits you but does no damage. The bat barely misses you.
A bat is nearby!
You closely miss the bat. Your headbutt misses the bat.
The bat closely misses you. You furiously retaliate!
You headbutt the bat. The bat hits you but does no damage.
You hit the bat.
You kill the bat!
No target in view!
There is a faded altar of an unknown god here.
You can't go down here!
There is a faded altar of an unknown god here.
You cannot tell which god this altar belongs to.
Convert to them anyway?
Vehumet accepts your prayer! Vehumet welcomes you!
You can now gain magical power from killing.
Vehumet offers you knowledge of Magic Dart.
Are you sure you want to abandon this character and quit the game? (Confirm with "yes".)

##..# #.#
#.######..##.### #..#
#.# #.# #..##.#
#..####.# #.#
#..##.###
#.......###.###
#..##....
##.####.#.....#
#.......) #.#
##.#.#.#.####.###..##
#.# #......†....#.#
#..#
#.###....#.#.##.#
#..# #.#.....@.......
#..#
#.#........##....
#...
#.#.......#.......
...# ##....###.#.....
#..... .# ....
...#### ## # ####


There were no monsters in sight!

Vanquished Creatures
  Terence (D:2)
  An adder (D:2)
  2 worms (D:2)
  An endoplasm (D:1)
  2 giant cockroaches (D:1)
  4 goblins (D:1)
  5 hobgoblins
  3 kobolds
  3 ball pythons (D:1)
  A bat (D:2)
  2 frilled lizards
  A rat (D:2)
26 creatures vanquished.

Notes
Turn   | Place    | Note
-------+----------+-------------------------------------------
     0 | D:1      | Exodus22XD the Minotaur Fighter began the quest for the
                  | Orb.
     0 | D:1      | Reached XP level 1. HP: 19/19 MP: 0/0
   198 | D:1      | Reached XP level 2. HP: 24/27 MP: 1/1
   254 | D:1      | You fall into a shaft and drop 1 floor!
   465 | D:1      | Found Tuil's Antique Armour Boutique.
   825 | D:2      | Reached XP level 3. HP: 23/33 MP: 2/2
  1010 | D:2      | Noticed Terence
  1016 | D:2      | Killed Terence
  1039 | D:2      | Found a bloodstained altar of Trog.
  1089 | D:2      | Found a faded altar of an unknown god.
  1108 | D:2      | Prayed at the altar of an unknown god.
  1108 | D:2      | Became a worshipper of Vehumet
  1108 | D:2      | Reached * piety under Vehumet
  1108 | D:2      | Offered knowledge of Magic Dart by Vehumet.
  1109 | D:2      | Quit the game

Illustrated notes

Levels and vault maps discovered:
D:1:      onia_arrival_mini_maze, layout_rooms, serial_shops, shop
D:2:      layout_loops_ring, basic_altar, basic_ecumenical_altar, uniq_terence

Skill      XL: |  1  2 |
---------------+-------+-----
Armour         | 4 |  4.5
Fighting       | 4 |  4.1
Axes           | 3 |  3.5
Shields        | 4 |  4.1

Action                   || total
-------------------------++-------
Melee: War axe           ||    50
       Headbutt          ||     6
Armor: Scale mail        ||    18
Dodge: Dodged            ||    23
Block: Buckler           ||    10
